 Dungeon Crawl Stone Soup version 0.31-a0-236-g9a0961fb85 (webtiles) character file.

Game seed: 1852715945269829068

162 qw the Shooter (level 5, 0/45 HPs)
             Began as a Minotaur Hexslinger on July 10, 2023.
             Slain by a gnoll
             ... wielding a +0 club
              (4 damage)
             ... on level 3 of the Dungeon.
             The game lasted 00:00:48 (2452 turns).

qw the Shooter (Minotaur Hexslinger)                Turns: 2452, Time: 00:00:49

Health: 0/45       AC:  6    Str: 13    XL:     5   Next: 19%
Magic:  5/5        EV: 12    Int: 10    God:
Gold:   68         SH:  0    Dex: 14    Spells: 5/6 levels left

rFire   . . .        Y - +1 sling
rCold   . . .        (no shield)
rNeg    . . .        c - +0 robe
rPois   .            (helmet restricted)
rElec   .            (no cloak)
rCorr   .            (no gloves)
SInv    .            (no boots)
Will    .....        (no amulet)
Stlth   +            d - +4 ring of protection
HPRegen 0.27/turn    (no ring)
MPRegen 0.09/turn

%: no passive effects
@: no status effects
A: horns 2, retaliatory headbutt
a: no special abilities


You were on level 3 of the Dungeon.
You visited 1 branch of the dungeon, and saw 3 of its levels.

You collected 68 gold pieces.


Innate Abilities, Weirdness & Mutations

You have a pair of horns on your head.
You reflexively headbutt those who attack you in melee.


   Skills:
 - Level 3.1 Fighting
 + Level 5.3 Ranged Weapons
 - Level 2.1 Dodging
 - Level 1.0 Spellcasting
 - Level 2.0 Hexes


You had 5 spell levels left.
You knew the following spells:

 Your Spells              Type           Power      Damage    Failure   Level
a - Slow                  Hex            16%        N/A       16%         1

Your spell library contained the following spells:

 Spells                   Type           Power      Damage    Failure   Level
 Inner Flame              Hex/Fire       2%         N/A       56%         3
 Portal Projectile        Hex/Tloc       4%         N/A       56%         3
 Cause Fear               Hex            2%         N/A       83%         4

Inventory:

Hand Weapons
 Y - a +1 sling (weapon)
Armour
 c - a +0 robe (worn)
Jewellery
 d - a +4 ring of protection (left hand)
Scrolls
 f - a scroll of identify
 i - a scroll of fear {unknown}
 j - a scroll of blinking {unknown}
Potions
 a - a potion of haste {unknown}
 b - a potion of invisibility {unknown}
 e - a potion of attraction {unknown}
 g - a potion of degeneration {unknown}
 h - 2 potions of curing {unknown}
 k - a potion of lignification {unknown}

Dungeon Overview and Level Annotations

Branches:
Dungeon (3/15)

Altars:
Uskayaw
Yredelemnul


Message History

The sling bullet closely misses the gnoll.
The gnoll hits you from afar with a +0 spear.
The gnoll hits you with a +0 whip of holy wrath.
You shoot a sling bullet.
The sling bullet closely misses the gnoll.
The gnoll hits you but does no damage.
The gnoll hits you with a +0 whip of holy wrath.
You shoot a sling bullet. The sling bullet hits the gnoll.
The gnoll is moderately wounded.
The gnoll closely misses you. The gnoll misses you.
You shoot a sling bullet.
The sling bullet completely misses the gnoll.
The sling bullet hits the gnoll but does no damage.
The gnoll hits you from afar with a +0 spear.
The gnoll hits you with a +0 whip of holy wrath.
The gnoll closely misses you.
You shoot a sling bullet.
The sling bullet closely misses the gnoll. x2
The gnoll hits you but does no damage. x2; The gnoll closely misses you.
You shoot a sling bullet. The sling bullet hits the gnoll!
The gnoll is almost dead.
The gnoll closely misses you. x2
The gnoll hits you from afar with a +0 halberd!
You shoot a sling bullet. The sling bullet hits the gnoll.
You kill the gnoll!
The gnoll misses you.
The gnoll hits you from afar with a +0 halberd!
You shoot a sling bullet.
The sling bullet barely misses the gnoll.
The gnoll hits you from afar with a +0 spear.
The gnoll barely misses you. The gnoll hits you but does no damage.
The gnoll closely misses you.
You shoot a sling bullet.
The sling bullet hits the gnoll but does no damage.
The gnoll hits you from afar with a +0 spear.
The gnoll barely misses you. The gnoll misses you.
You shoot a sling bullet. The sling bullet hits the gnoll.
The gnoll is lightly wounded.
The gnoll misses you. The gnoll hits you with a +0 club.
You die...

# #.# #.# # #.# #.# ..
##.## #.# #8. ##...##
#.# +..g
.....#########.#
#8g.g#..............##
. ......gg..#
#######..### ## #g#
##...# #@# ###.. #.#
#.. #.# #.. #.# #.#
######## #.# #.#
.......# ####.#
#####.# .#####.#
#>...##### #.....# .#
#.# ##......[.#
#.###.. .#
###.#####.....###.#
#.# #..


You could see 3 gnolls.

Vanquished Creatures
  A scorpion zombie (D:3)
  4 gnolls
  4 adders (D:2)
  A worm (D:3)
  A dart slug (D:2)
  An orc (D:3)
  8 ball pythons
  8 bats
  6 endoplasms (D:1)
  2 giant cockroaches
  6 goblins
  4 hobgoblins
  3 kobolds
  2 quokkas
  5 frilled lizards
  A giant cockroach zombie (D:3)
  A jackal zombie (D:3)
  3 rats (D:1)
61 creatures vanquished.

Notes
Turn   | Place    | Note
-------+----------+-------------------------------------------
     0 | D:1      | qw the Minotaur Hexslinger began the quest for the Orb.
     0 | D:1      | Reached XP level 1. HP: 16/16 MP: 1/1
     0 | D:1      | 0 ||| qw: Version: 0.3-a-52-g30416fa
     0 | D:1      | 0 ||| qw: Game counter: 4919
     0 | D:1      | 0 ||| qw: Melee chars always use a shield: true
     0 | D:1      | 0 ||| qw: God list: Okawaru
     0 | D:1      | 0 ||| qw: Allow faded altars: false
     0 | D:1      | 0 ||| qw: Do Orc after clearing Dungeon:15 true
     0 | D:1      | 0 ||| qw: Do second Lair branch before Depths: true
     0 | D:1      | 0 ||| qw: Lair rune preference: random
     0 | D:1      | 0 ||| qw: Goals: Normal
     0 | D:1      | 0 ||| PLANNING D:1-11
    98 | D:1      | Reached skill level 3 in Ranged Weapons
   105 | D:1      | Reached XP level 2. HP: 23/23 MP: 2/2
   564 | D:1      | Reached XP level 3. HP: 29/29 MP: 3/3
   680 | D:1      | 680 ||| UPGRADING to +4 ring of protection.
   681 | D:1      | 681 ||| READING scroll labelled MAADECVUAV.
   682 | D:1      | 682 ||| READING scroll labelled FOAMIU OLEENAUJOSK.
   683 | D:1      | 683 ||| DROPPING scroll of poison.
  1074 | D:2      | Reached skill level 4 in Ranged Weapons
  1223 | D:2      | Reached XP level 4. HP: 36/36 MP: 4/4
  1369 | D:2      | Reached skill level 5 in Ranged Weapons
  1783 | D:2      | 1783 ||| DROPPING ring of flight.
  1784 | D:2      | 1784 ||| READING scroll labelled UTZOUNUIWO.
  1785 | D:2      | 1785 ||| READING scroll labelled XUX QUSEN QALU.
  2012 | D:3      | Found a basalt altar of Yredelemnul.
  2027 | D:3      | Reached skill level 3 in Fighting
  2027 | D:3      | Reached XP level 5. HP: 38/45 MP: 5/5
  2265 | D:3      | Found a hide-covered altar of Uskayaw.
  2438 | D:3      | 2438 ||| Stepping ~*~*~tactically~*~*~ (outnumbered).
  2440 | D:3      | 2440 ||| Stepping ~*~*~tactically~*~*~ (outnumbered).
  2449 | D:3      | HP: 7/45 [gnoll/+0 halberd (10)]
  2452 | D:3      | Slain by a gnoll

Levels and vault maps discovered:
D:1:      psy_arrival_wood_between_worlds, layout_basic, minmay_strange_pillars
D:2:      layout_basic, minmay_stone_trees_medium, hex_medium
D:3:      layout_loops_corners, mainiacjoe_overflow_boulevard,
          nicolae_yredelemnul_corpse_copse,
          dreamdust_ecumenical_altar_angels_and_demons

Skill      XL: |  1  2  3  4 |
---------------+-------------+-----
Ranged Weapons | 3 4 5 |  5.3
Fighting       | 2 3 |  3.1
Dodging        | |  2.1
Spellcasting   | |  1.0
Hexes          | |  2.0

Action                     |  1- 3 |  4- 6 || total
---------------------------+-------+-------++-------
   Fire: Sling             |   103 |    93 ||   196
    Use: Scroll            |     2 |     2 ||     4
 Armour: Robe              |    21 |    17 ||    38
  Dodge: Dodged            |    29 |    41 ||    70

Table legend:
 A = Non-vault XP
 B = Vault XP
 C = Vault XP percentage of total XP
 D = Non-vault monster count
 E = Vault monster count
 F = Vault count percentage of total count
                 A         B        C        D         E       F
            +---------+---------+-------+---------+---------+-------
      Total |     198 |      34 |  14.7 |      58 |       3 |   4.9
            +---------+---------+-------+---------+---------+-------
        D:1 |      44 |       0 |   0.0 |      27 |       0 |   0.0
        D:2 |     116 |       0 |   0.0 |      18 |       0 |   0.0
        D:3 |      38 |      34 |  47.2 |      13 |       3 |  18.8
            +---------+---------+-------+---------+---------+-------
